 Dungeon Crawl Stone Soup version 0.30-a0-6-g7c9e10e132 (webtiles) character file.

Game seed: 9599675859003942182

325135 Zonian the Spry (level 20, -21/110 HPs)
             Began as a Spriggan Brigand on Aug 21, 2022.
             Was the Champion of Dithmenos.
             Demolished by a vault warden
             ... wielding a +1 great mace of distortion
              (36 damage)
             ... on level 1 of the Vaults on Aug 23, 2022.
             The game lasted 03:39:36 (76574 turns).

Zonian the Spry (Spriggan Brigand)                 Turns: 76574, Time: 03:39:36

Health: -21/110    AC: 12    Str:  7    XL:     20   Next: 73%
Magic:  39/39      EV: 43    Int: 14    God:    Dithmenos [******]
Gold:   169        SH:  5    Dex: 38    Spells: 24/48 levels left

rFire   + + +      SeeInvis +    F - +7 rapier (elec)
rCold   . . .      Faith    .    (no shield)
rNeg    . . .      Spirit   .    E - +5 steam dragon scales
rPois   +          Reflect  +    u - +2 hat
rElec   .          Harm     .    s - scarf {repulsion}
rCorr   .          Rampage  .    (gloves unavailable)
Will    ++++.                    (boots unavailable) Stlth ****++++++
                                 G - amulet "Vatynk" {Reflect Fragile rF++ Int-2 Dex+9 SH+5}
HPRegen 0.28/turn                O - ring "Ykkaekue" {Fire rPois Int+2 Dex+3 Slay+5}
MPRegen 0.26/turn                v - ring "Teqeunis" {rF+ rC+ Will+ Dex+2 Slay+4}

@: mighty, hasted, wreathed by umbra, studying Staves, repel missiles, very
quick
A: very small, no large weapons, unfitting armour, see invisible, speed 3
}: 2/15 runes: decaying, serpentine
a: Renounce Religion, Shadow Step, Shadow Form


You were on level 1 of the Vaults.
You worshipped Dithmenos.
Dithmenos was exalted by your worship.
You visited 8 branches of the dungeon, and saw 35 of its levels.
You also visited: Bailey and Gauntlet.

You collected 3778 gold pieces.
You spent 3609 gold pieces at shops.

Inventory:

Hand Weapons
 o - the +5 dagger "Joohinn" {spect, rN+ Str+2}
   (You took it off a kobold on level 4 of the Dungeon)

   When its wielder attacks, the weapon's spirit leaps out and strikes again.
   The spirit shares a part of any damage it takes with its wielder.
   Str:       It affects your strength (+2).
   rN:        It protects you from negative energy.
 D - the +9 hand axe "Haniezot" {flame, rElec rC+ rN++}
   (You found it on level 5 of the Lair of Beasts)

   It burns those it strikes, dealing additional fire damage.
   Big, fiery blades are also staple armaments of hydra-hunters.
   rC:        It protects you from cold.
   rElec:     It insulates you from electricity.
   rN:        It greatly protects you from negative energy.
 F - a +7 rapier of electrocution (weapon)
 J - a +0 rapier of holy wrath
 M - the +12 arbalest of Pojioge {speed, *Corrode rN+ MP+9 Str+6}
   (You found it on level 3 of the Elven Halls)

   Attacks with this weapon are significantly faster.
   Str:       It affects your strength (+6).
   rN:        It protects you from negative energy.
   MP:        It affects your magic capacity (+9).
   *Corrode:  It may corrode you when you take damage.
 W - the +7 shortbow of Tanoqej {freeze, rElec Will- rCorr Int+7}
   (You found it on level 3 of the Elven Halls)

   Any ammunition fired from it freezes those it strikes, dealing additional
   cold damage.
   It can also slow down cold-blooded creatures.
   Int:       It affects your intelligence (+7).
   rElec:     It insulates you from electricity.
   rCorr:     It protects you from acid and corrosion.
   Will:      It decreases your willpower.
Missiles
 a - 4 silver boomerangs
 d - 65 poisoned darts (quivered)
 e - 15 curare-tipped darts
 Q - 2 throwing nets
 U - 6 boomerangs of dispersal
Armour
 j - a +2 buckler
 s - a scarf of repulsion (worn)
 u - a +2 hat (worn)
 E - +5 steam dragon scales (worn)
Jewellery
 v - the ring "Teqeunis" (right hand) {rF+ rC+ Will+ Dex+2 Slay+4}
   (You acquired it on level 9 of the Dungeon)

   [ring of slaying]

   Dex:       It affects your dexterity (+2).
   Slay:      It affects your accuracy & damage with ranged weapons and melee
   (+4).
   rF:        It protects you from fire.
   rC:        It protects you from cold.
   Will:      It increases your willpower.
 A - the amulet "Dath" {Reflect rCorr SH+5}
   (You found it on level 6 of the Dungeon)

   [amulet of reflection]

   It reflects blocked missile attacks.
   rCorr:     It protects you from acid and corrosion.
   SH:        It affects your SH (+5).
 G - the amulet "Vatynk" (around neck) {Reflect Fragile rF++ Int-2 Dex+9 SH+5}
   (You bought it in a shop on level 2 of the Elven Halls)

   [amulet of reflection]

   It reflects blocked missile attacks.
   Int:       It affects your intelligence (-2).
   Dex:       It affects your dexterity (+9).
   rF:        It greatly protects you from fire.
   Fragile:   It will be destroyed if unequipped.
   SH:        It affects your SH (+5).
 O - the ring "Ykkaekue" (left hand) {Fire rPois Int+2 Dex+3 Slay+5}
   (You took it off a deep elf master archer on level 3 of the Elven Halls)

   [ring of fire]

   It enhances your fire magic.
   Int:       It affects your intelligence (+2).
   Dex:       It affects your dexterity (+3).
   Slay:      It affects your accuracy & damage with ranged weapons and melee
   (+5).
   rF:        It protects you from fire.
   rC:        It makes you vulnerable to cold.
   rPois:     It protects you from poison.
 S - the amulet of Elemental Vulnerability {rPois rF-- rC-- AC+8}
   (You found it on level 2 of the Lair of Beasts)

   [amulet of nothing]

   AC:        It affects your AC (+8).
   rF:        It makes you very vulnerable to fire.
   rC:        It makes you very vulnerable to cold.
   rPois:     It protects you from poison.
Wands
 b - a wand of quicksilver (11)
 p - a wand of mindburst (16)
 t - a wand of charming (16)
 H - a wand of iceblast (3)
 N - a wand of digging (3)
Scrolls
 k - 4 scrolls of summoning
 q - a scroll of silence
 y - 5 scrolls of poison
 z - 5 scrolls of blinking
 B - 15 scrolls of teleportation
 R - a scroll of magic mapping
 V - 4 scrolls of fear
Potions
 c - a potion of berserk rage
 f - 5 potions of magic
 g - 6 potions of invisibility
 h - 8 potions of brilliance
 i - 8 potions of curing
 l - 7 potions of ambrosia
 m - 7 potions of resistance
 n - 7 potions of haste
 r - 4 potions of heal wounds
 x - 2 potions of might
 K - a potion of flight
 P - 7 potions of cancellation
Miscellaneous
 w - a tin of tremorstones (inert)
 T - a lightning rod (4/4)
 Y - a condenser vane
 Z - a phantom mirror


   Skills:
 - Level 13.7 Fighting
 - Level 14.0 Short Blades
 + Level 6.1 Ranged Weapons
 - Level 2.4 Throwing
 - Level 15.0 Dodging
 - Level 15.0 Stealth
 - Level 4.0 Shields
 - Level 14.6 Spellcasting
 - Level 12.0 Necromancy
 + Level 12.7 Translocations
 - Level 12.0 Transmutations
 - Level 8.0 Poison Magic
 - Level 14.2 Invocations
 - Level 13.7 Evocations


You had 24 spell levels left.
You knew the following spells:

 Your Spells              Type           Power      Damage    Failure   Level
a - Beastly Appendage     Tmut           86%        N/A       1%          1
b - Wereblood             Tmut           43%        N/A       1%          2
c - Lesser Beckoning      Tloc           46%        N/A       1%          3
d - Passage of Golubria   Tloc           46%        N/A       1%          4
e - Alistair's Intoxicat  Tmut/Pois      25%        N/A       3%          5
f - Vampiric Draining     Necr           43%        2d9       1%          3
g - Dispel Undead         Necr           43%        3d17      1%          4
h - Blink                 Tloc           92%        N/A       1%          2

Your spell library contained the following spells:

 Spells                   Type           Power      Damage    Failure   Level
 Apportation              Tloc           92%        N/A       1%          1
 Necrotise                Necr           100%       1d9       1%          1
 Poisonous Vapours        Pois/Air       42%        N/A       1%          2
 Gell's Gravitas          Tloc           46%        N/A       1%          3
 Ignite Poison            Fire/Tmut/Pois 43%        N/A       1%          3
 Spider Form              Tmut/Pois      38%        N/A       1%          3
 Teleport Other           Tloc           46%        N/A       1%          3
 Animate Dead             Necr           43%        N/A       1%          4
 Agony                    Necr           43%        N/A       1%          5
 Manifold Assault         Tloc           46%        N/A       1%          5
 Corpse Rot               Necr/Pois/Air  28%        N/A       4%          4
 Iskenderun's Mystic Bla  Conj/Tloc      28%        2d7       4%          4
 Dispersal                Tloc           23%        N/A       5%          6
 Foxfire                  Conj/Fire      60%        2x1d7     6%          1
 Magic Dart               Conj           40%        1d5       6%          1
 Slow                     Hex            40%        N/A       6%          1
 Summon Small Mammal      Summ           40%        N/A       6%          1
 Mephitic Cloud           Conj/Pois/Air  17%        N/A       6%          3
 Death Channel            Necr           21%        N/A       7%          6
 Call Imp                 Summ           10%        N/A       10%         2
 Scorch                   Fire           30%        2d6       10%         2
 Searing Ray              Conj           20%        2d5       10%         2
 Static Discharge         Conj/Air       10%        3-5/arc   10%         2
 Summon Forest            Summ/Tloc      14%        N/A       13%         5
 Borgnjor's Vile Clutch   Necr/Erth      13%        N/A       16%         5
 Irradiate                Conj/Tmut      13%        3d16      16%         5
 Yara's Violent Unravell  Hex/Tmut       13%        3d7       16%         5
 Eringya's Noxious Bog    Tmut/Pois      19%        N/A       16%         6
 Confusing Touch          Hex            10%        N/A       19%         3
 Conjure Flame            Conj/Fire      15%        6-21      19%         3
 Dazzling Flash           Conj/Hex       20%        N/A       19%         3
 Tukima's Dance           Hex            10%        N/A       19%         3
 Flame Wave               Conj/Fire      15%        2d7       54%         4
 Fulminant Prism          Conj/Hex       5%         3d7       54%         4
 Sticky Flame             Conj/Fire      15%        2d4       54%         4
 Statue Form              Tmut/Erth      18%        N/A       63%         6
 Fireball                 Conj/Fire      7%         3d5       87%         5
 Lee's Rapid Deconstruct  Erth           5%         3d7*      87%         5
 Silence                  Hex/Air        5%         N/A       87%         5
 Malign Gateway           Summ/Tloc      14%        N/A       99%         7
 Storm Form               Tmut/Air       13%        N/A       99%         7
 Starburst                Conj/Fire      7%         6d4       100%        6
 Summon Cactus Giant      Summ           5%         N/A       100%        6
 Summon Hydra             Summ           5%         N/A       100%        7
 Ignition                 Fire           7%         3d5       100%        8
 Lehudib's Crystal Spear  Conj/Erth      5%         10d3      100%        8
 Summon Horrible Things   Summ           5%         N/A       100%        8


Dungeon Overview and Level Annotations

Branches:
Dungeon (15/15)            Temple (1/1) D:6            Lair (5/5) D:10
  Swamp (4/4) Lair:2        Snake (4/4) Lair:3        Slime (0/5) Lair:5
    Orc (2/2) D:12            Elf (3/3) Orc:2        Vaults (1/5) D:14
 Depths (0/4) D:15         Bailey (visited)         Gauntlet (visited)

Altars:
Ashenzari
Cheibriados
Dithmenos
Elyvilon
Fedhas
Gozag
Hepliaklqana
Kikubaaqudgha
Makhleb
Nemelex Xobeh
Okawaru
Qazlal
Ru
Sif Muna
Trog
Uskayaw
Vehumet
Wu Jian
Xom
Yredelemnul
Zin
The Shining One
Jiyva

Shops:
D:5 (   Orc:2 ?:*[   Elf:1 (   Elf:2 =   Elf:3 !   Swamp:3 *   Snake:2 **

Portals:
Abyss: Vaults:1
Pandemonium: Orc:2
Trove: Elf:1 (give +6 demon trident)

Annotations:
D:4 Blork the orc
D:6 Edmund
D:13 3 runed translucent doors, Dasoin's ghost, journeyman DrCj; SensoryNuts's ghost, journeyman TrFi
Lair:2 2 runed translucent doors, rumses's ghost, journeyman HOFi
Lair:4 Rupert
Elf:2 3 runed translucent doors
Vaults:1 HilariousDeathArtist's ghost, adept CeWn


Innate Abilities, Weirdness & Mutations

You are very small and have problems with some larger weapons.
You are too small for most types of armour.
You have supernaturally acute eyesight. (SInv)
You cover ground extremely quickly. (Speed+++)


Message History

HilariousDeathArtist's ghost is heavily damaged.
The eye of devastation changes into a torpor snail!
The Hell Sentinel barely misses you.
The Hell Sentinel completely misses you.
The rakshasa hits you with a +0 whip!!
HilariousDeathArtist's ghost completely misses you.
The vault warden activates a sealing rune.
You hit HilariousDeathArtist's ghost but do no damage.
HilariousDeathArtist's ghost is heavily damaged.
Your shadow barely misses HilariousDeathArtist's ghost.
You hit HilariousDeathArtist's ghost but do no damage.
HilariousDeathArtist's ghost is heavily damaged.
Your shadow misses HilariousDeathArtist's ghost.
The torpor snail changes into an orb spider!
The Hell Sentinel gestures at you.
The sphere of damnation explodes!
The damnation engulfs you!!
The damnation engulfs the rakshasa!!
The damnation engulfs the Hell Sentinel.
The Hell Sentinel completely resists.
The damnation engulfs HilariousDeathArtist's ghost!!
HilariousDeathArtist's ghost misses you.
The rakshasa gestures at you. The lance of force misses you.
The lance of force hits HilariousDeathArtist's ghost but does no damage.
You feel much better. The Hell Sentinel barely misses you.
The Hell Sentinel completely misses you.
HilariousDeathArtist's ghost gestures wildly while chanting.
HilariousDeathArtist's ghost blinks!
The rakshasa hits you with a +0 whip!
You feel yourself speed up.
HilariousDeathArtist's ghost mutters, "So much for the promised afterlife."
The Hell Sentinel hits you!!
* * * LOW HITPOINT WARNING * * *
The Hell Sentinel misses you. The rakshasa completely misses you.
Unknown command.
There is a transporter here.
Unknown command.
You enter the transporter and appear at another place.
HilariousDeathArtist's ghost completely misses you.
The vault warden hits you with a +1 great mace of distortion!!!
You die...

.).........#.......###..###.....#
#'##########..###.##!####.##....#
..)#...#...#..#.###.G.##.#.#....#
.[.#...#...#..#$....§...§#.#....#
.÷.##.##...#..##.#.##....#.##...#
###.....####...#.^..G.###...##..#
).#.....#..+...##..#G##.#...##..#
...........#....##§..#..##=##...#
..#.....#..#....@#Gs§##..###....#
###....)####...pW#R#..#.........#
...##.##>..#...###.1#.##........'
...#...#...#...#.†#.§..#####....#
...#..[#...#..###(.###..##.##...#
############..#©#.##©#.....(#...#
.......... #..##.##..##.∩####...#
.......... #...###..=.####......#
.......... #....................#


You could see a Hell Sentinel, a vault warden, 2 great orbs of eyes, a rakshasa,
an orb spider shaped shifter and HilariousDeathArtist's ghost.

Vanquished Creatures
  Jorgrun (Elf:1)
  2 deep elf master archers (Elf:3)
  Asterion (Elf:1)
  2 deep elf blademasters (Elf:3)
  A tentacled starspawn (Vaults:1)
  A thorn hunter (Swamp:4)
  Agnes (D:15)
  Donald (Vaults:1)
  2 fenstrider witches (Swamp:3)
  9 nagarajas
  The ghost of drugrobin the Severer, a journeyman DgFi (Swamp:1)
  4 deep elf sorcerers (Elf:3)
  A frost giant (D:15)
  Aizul (Snake:1)
  2 vault wardens (Vaults:1)
  3 deep elf elementalists (Elf:3)
  3 ghouls (Swamp:1)
  An ironbound thunderhulk (Vaults:1)
  5 deep elf demonologists
  4 ironbound preservers (Vaults:1)
  Azrael (Snake:2)
  2 eleionomae
  10 deep elf annihilators
  A minotaur (Gauntlet)
  The ghost of gowby the Frost Mage, a journeyman BaIE of Kikubaaqudgha (Lair:4)
  3 bunyips
  A dire elephant (Lair:5)
  The ghost of SensoryNuts the Basher, a journeyman DgFi (Swamp:1)
  A crystal guardian (Vaults:1)
  9 deep elf death magi
  3 shambling mangroves
  A yaktaur captain (Vaults:1)
  3 deep elf high priests (Elf:3)
  Fannar (D:11)
  The ghost of Nezi the Fighter, a journeyman MiFi of Hepliaklqana (D:10)
  7 boulder beetles
  A great orb of eyes (Vaults:1)
  3 salamander tyrants
  2 vault guards (Bailey)
  29 hydras
  3 demonspawn (Orc:2)
  Erica (D:8)
  13 alligators
  2 catoblepae
  2 tengu warriors (D:15)
  5 two-headed ogres
  9 anacondas
  2 ironbound frosthearts (Vaults:1)
  21 dancing weapons
  A deep troll shaman (Lair:5)
  12 naga warriors
  A spriggan berserker (Swamp:3)
  14 naga sharpshooters
  10 death yaks
  23 deep elf knights
  7 orc high priests
  16 spriggans
  Sonja (Lair:3)
  A soul eater (Orc:2)
  3 shock serpents
  Nergalle (Lair:2)
  A wretched star (Vaults:1)
  2 goliath frogs
  11 swamp dragons
  12 bog bodies
  13 deep trolls (Vaults:1)
  3 spriggan druids
  11 deep elf archers
  3 salamander mystics
  7 naga ritualists
  Pikel (D:4)
  A harpy (shapeshifter) (Elf:3)
  5 orc knights (Orc:2)
  25 deep elf zephyrmancers
  2 lindwurms (Vaults:1)
  7 orc sorcerers
  A faun (shapeshifter) (Vaults:1)
  6 cyclopes
  25 deep elf pyromancers
  11 mana vipers
  8 ugly things
  A manticore (D:14)
  6 will-o-the-wisps
  A cyclops (shapeshifter) (Gauntlet)
  16 salamanders
  32 black mambas
  3 elephants (Lair:5)
  5 guardian serpents
  A rust devil (Orc:2)
  A vault sentinel (Vaults:1)
  20 naga magi
  A torpor snail (Lair:4)
  2 gargoyles
  9 cane toads
  An unseen horror (D:11)
  A komodo dragon (shapeshifter) (D:14)
  2 smoke demons (Orc:2)
  A rime drake (Lair:5)
  Maggie (D:7)
  18 komodo dragons
  3 kobold demonologists
  A tengu conjurer (D:15)
  10 yaktaurs (Vaults:1)
  4 freezing wraiths
  2 yaktaurs (shapeshifter)
  7 polar bears
  3 meliai (D:15)
  2 trolls
  2 bloated husks
  Prince Ribbit (Bailey)
  14 hornets
  11 tyrant leeches
  A raiju (shapeshifter) (D:15)
  17 blink frogs
  2 dream sheep (Lair:4)
  3 slime creatures (D:13)
  Sigmund (D:2)
  4 air elementals
  5 shadows
  4 water elementals
  7 wyverns
  37 yaks
  A fire bat (shapeshifter) (Gauntlet)
  2 humans (Bailey)
  4 basilisks
  14 vampire mosquitoes
  6 fire elementals
  A chaos spawn (Orc:2)
  40 nagas
  A warg (D:12)
  22 swamp worms
  2 acid dragons
  5 hell hounds
  A floating eye (shapeshifter) (D:14)
  13 water moccasins
  6 ice beasts
  7 swamp drakes
  32 orc warriors
  6 black bears
  2 sky beasts
  6 centaurs
  16 wolves
  11 kobold brigands
  22 bullfrogs
  2 gnoll sergeants
  7 earth elementals
  4 scorpions
  20 killer bees
  4 howler monkeys (D:8)
  3 electric eels
  A crimson imp (D:9)
  26 orc priests
  A hound (D:7)
  2 iguanas
  18 orc wizards
  A boggart simulacrum (D:14)
  13 gnolls
  6 adders
  9 white imps
  3 ufetubi
  2 worms (D:2)
  2 dart slugs
  75 orcs
  9 ball pythons
  10 endoplasms
  3 giant cockroaches
  11 hobgoblins
  A kobold (shapeshifter) (Gauntlet)
  6 quokkas
  6 bats
  4 frilled lizards
  11 goblins
  11 kobolds
  6 rats
  A starspawn tentacle (Vaults:1)
1191 creatures vanquished.

Vanquished Creatures (others)
  A naga sharpshooter (Snake:3)
  3 deep elf knights
  A bloated husk (Swamp:3)
  A hornet (Swamp:4)
  A spriggan (Swamp:4)
  2 vampire mosquitoes (Swamp:3)
  A bush (Lair:5)
  7 foxfires
  37 fungi
  58 plants
  A starspawn tentacle (Vaults:1)
  8 withered plants
121 creatures vanquished.

Grand Total: 1312 creatures vanquished

Notes
Turn   | Place    | Note
-------+----------+-------------------------------------------
     0 | D:1      | Zonian the Spriggan Brigand began the quest for the Orb.
     0 | D:1      | Reached XP level 1. HP: 10/10 MP: 2/2
   191 | D:1      | Reached XP level 2. HP: 15/15 MP: 3/3
   776 | D:1      | Got the Parchment of the Foul Arsonist
   858 | D:1      | Reached XP level 3. HP: 14/18 MP: 4/4
  3194 | D:2      | Noticed Sigmund
  3452 | D:2      | Killed Sigmund
  3453 | D:2      | Reached XP level 4. HP: 23/23 MP: 5/5
  3453 | D:2      | Reached XP level 5. HP: 26/26 MP: 6/6
  4142 | D:3      | Noticed a phantom
  4184 | D:2      | Reached XP level 6. HP: 30/30 MP: 7/7
  5087 | D:3      | Identified the +3 mace of Mana {drain, *Slow rElec rC+}
  6163 | D:4      | Identified the +5 dagger "Joohinn" {spect, rN+ Str+2}
  6168 | D:4      | Found a shadowy altar of Dithmenos.
  6197 | D:4      | Noticed Blork the orc
  6365 | D:4      | Noticed a wyvern
  6621 | D:4      | Noticed Pikel
  6639 | D:4      | Killed Pikel
  6640 | D:4      | Reached skill level 5 in Short Blades
  6640 | D:4      | Reached XP level 7. HP: 17/35 MP: 8/8
  6936 | D:4      | Killed a wyvern
  7439 | D:4      | Reached skill level 10 in Stealth
  7439 | D:4      | Reached XP level 8. HP: 34/39 MP: 9/9
  7493 | D:4      | Found a hazy altar of Hepliaklqana.
  7539 | D:5      | Entered Level 5 of the Dungeon
  7892 | D:5      | Found Jolyan's Antique Weapon Boutique.
  8255 | D:6      | Noticed Edmund
  8263 | D:6      | HP: 1/39 [Edmund/+5 flail of venom (15)]
  8766 | D:6      | Found a staircase to the Ecumenical Temple.
  8806 | D:6      | Identified the amulet "Dath" {Reflect rCorr SH+5}
  9318 | D:6      | Found a glowing silver altar of Zin.
 10634 | D:7      | Reached XP level 9. HP: 16/42 MP: 10/10
 10961 | D:7      | Identified the +7 quarterstaff of Utoirr {elec, Fly Dex+2}
 11232 | D:7      | Noticed Maggie
 11256 | D:7      | Killed Maggie
 11440 | D:8      | Found a shimmering altar of Xom.
 11440 | D:8      | Found a shimmering blue altar of Sif Muna.
 11544 | Temple   | Entered the Ecumenical Temple
 11708 | D:4      | Became a worshipper of Dithmenos the Shadowed
 11972 | D:8      | Noticed Erica
 12103 | D:8      | Killed Erica
 12104 | D:8      | Reached skill level 10 in Dodging
 12581 | D:8      | Found a basalt altar of Yredelemnul.
 12589 | D:8      | Reached XP level 10. HP: 46/46 MP: 11/11
 13135 | D:9      | Reached skill level 1 in Invocations
 13416 | D:9      | Reached * piety under Dithmenos
 13605 | D:9      | Reached skill level 10 in Short Blades
 16736 | D:9      | Identified a scroll of acquirement
 16736 | D:9      | Acquired the ring "Teqeunis" {rF+ rC+ Will+ Dex+2 Slay+4}
 17025 | D:9      | Reached XP level 11. HP: 50/50 MP: 15/15
 17358 | D:10     | Entered Level 10 of the Dungeon
 17387 | D:10     | Reached skill level 1 in Evocations
 17402 | D:10     | Reached ** piety under Dithmenos
 17639 | D:10     | Found a staircase to the Lair.
 17687 | D:10     | Found a flagged portal.
 17704 | Bailey   | Entered a bailey
 18546 | Bailey   | Reached skill level 5 in Evocations
 18610 | Bailey   | Noticed a vault guard
 18616 | Bailey   | Killed a vault guard
 18638 | Bailey   | Noticed a vault guard
 18638 | Bailey   | Noticed Prince Ribbit
 18644 | Bailey   | Killed Prince Ribbit
 18646 | Bailey   | Killed a vault guard
 19173 | D:10     | Found a glowing golden altar of the Shining One.
 19237 | Lair:1   | Entered Level 1 of the Lair of Beasts
 19237 | Lair:1   | Found a bloodstained altar of Trog.
 19243 | Lair:1   | Reached skill level 5 in Spellcasting
 19437 | Lair:1   | Reached *** piety under Dithmenos
 19702 | Lair:1   | Reached skill level 5 in Invocations
 20143 | Lair:1   | Reached XP level 12. HP: 54/54 MP: 22/22
 20559 | Lair:2   | Reached skill level 10 in Evocations
 20931 | Lair:2   | Noticed Nergalle
 20940 | Lair:2   | Killed Nergalle
 20947 | Lair:2   | Found the amulet of Elemental Vulnerability {rPois rF--
                  | rC-- AC+8}
 21647 | Lair:2   | Found a staircase to the Swamp.
 21803 | Lair:2   | Found a large runed translucent door.
 21803 | Lair:2   | Found a large runed translucent door.
 21807 | Lair:2   | Noticed rumses's ghost (journeyman HOFi)
 22146 | Lair:3   | Found a gate leading to a gauntlet.
 22213 | Gauntlet | Entered a Gauntlet
 22213 | Gauntlet | Noticed a catoblepas
 22213 | Gauntlet | Found a transporter.
 22213 | Gauntlet | Found a transporter.
 22213 | Gauntlet | Found a runed translucent door.
 22215 | Gauntlet | Found a runed translucent door.
 22234 | Gauntlet | Found a transporter.
 22269 | Gauntlet | Found a transporter.
 22290 | Gauntlet | Found a transporter.
 22293 | Gauntlet | Found a transporter.
 22295 | Gauntlet | Found a large runed translucent door.
 22295 | Gauntlet | Found a large runed translucent door.
 22314 | Gauntlet | Found a transporter.
 22374 | Gauntlet | Found a large runed translucent door.
 22375 | Gauntlet | Found a large runed translucent door.
 22375 | Gauntlet | Found a large runed translucent door.
 22509 | Gauntlet | Found a large runed translucent door.
 22509 | Gauntlet | Found a large runed translucent door.
 22510 | Gauntlet | Found a runed translucent door.
 22512 | Gauntlet | Found a runed translucent door.
 22513 | Gauntlet | Found a large runed translucent door.
 22513 | Gauntlet | Found a large runed translucent door.
 22513 | Gauntlet | Found a large runed translucent door.
 22514 | Gauntlet | Found a large runed translucent door.
 22514 | Gauntlet | Found a large runed translucent door.
 22515 | Gauntlet | Found a large runed translucent door.
 22515 | Gauntlet | Found a large runed translucent door.
 22516 | Gauntlet | Found a large runed translucent door.
 22516 | Gauntlet | Found a large runed translucent door.
 22520 | Gauntlet | Found a runed translucent gate.
 22520 | Gauntlet | Found a runed translucent gate.
 22520 | Gauntlet | Found a runed translucent gate.
 22525 | Gauntlet | Found a transporter.
 22529 | Gauntlet | Found a transporter.
 22529 | Gauntlet | Found a transporter.
 22532 | Gauntlet | Reached **** piety under Dithmenos
 22555 | Gauntlet | Found a transporter.
 22556 | Gauntlet | Noticed a green death
 22584 | Gauntlet | Noticed a reaper
 22639 | Gauntlet | Found a transporter.
 22649 | Gauntlet | Found a transporter.
 22654 | Gauntlet | Identified the +0 helmet "Odiw" {Will+}
 22667 | Gauntlet | Noticed a minotaur
 22691 | Gauntlet | Killed a minotaur
 22702 | Gauntlet | Identified the +7 hand axe "Hellblazer" {speed, rF+ Int+5}
 22719 | Lair:3   | You fall into a shaft and drop 2 floors!
 22719 | Lair:5   | Entered Level 5 of the Lair of Beasts
 23071 | Lair:5   | Noticed a four-headed hydra
 23139 | Lair:5   | Reached skill level 5 in Fighting
 23346 | Lair:4   | Found a runed translucent gate.
 23346 | Lair:4   | Found a runed translucent gate.
 23346 | Lair:4   | Found a runed translucent gate.
 23347 | Lair:4   | Noticed a 13-headed hydra
 23347 | Lair:4   | Noticed a ten-headed hydra
 23347 | Lair:4   | Noticed a 12-headed hydra
 23348 | Lair:4   | Noticed gowby's ghost (journeyman BaIE)
 23633 | Lair:4   | Noticed Rupert
 24629 | Lair:3   | Noticed Sonja
 24635 | Lair:3   | Killed Sonja
 24636 | Lair:3   | Reached XP level 13. HP: 65/65 MP: 23/23
 24655 | Lair:3   | Acquired a manual of Fighting
 24782 | Lair:3   | Found a staircase to the Snake Pit.
 26970 | Lair:5   | Identified the +1 leather armour "Ymont" {Str+3}
 26985 | Lair:5   | Reached skill level 10 in Fighting
 27630 | Lair:5   | Identified the +0 robe of Tusicom {Str+5}
 28430 | Lair:5   | Found a viscous altar of Jiyva.
 28430 | Lair:5   | Found a staircase to the Slime Pits.
 28686 | Lair:4   | Reached ***** piety under Dithmenos
 28862 | D:11     | Noticed Nezi's ghost (journeyman MiFi)
 28862 | D:11     | Found a runed translucent gate.
 28862 | D:11     | Found a runed translucent gate.
 29491 | D:11     | Noticed Fannar
 29493 | D:11     | Killed Fannar
 29868 | D:11     | Found a runed translucent gate.
 31496 | D:12     | Reached XP level 14. HP: 39/82 MP: 24/24
 32461 | D:12     | Found a staircase to the Orcish Mines.
 33894 | D:13     | Found a runed translucent gate.
 33894 | D:13     | Found a runed translucent gate.
 33894 | D:13     | Found a runed translucent gate.
 33896 | D:13     | Noticed SensoryNuts's ghost (journeyman TrFi)
 33897 | D:13     | Noticed Dasoin's ghost (journeyman DrCj)
 34741 | D:14     | Found a gate to the Vaults.
 34812 | D:14     | Identified the +4 ring mail of the Armoured One {Will+
                  | Str+2 SInv}
 34829 | D:14     | Identified the +4 war axe of Lylyrunke {venom, rF+ MP+9
                  | Stlth+}
 34991 | D:14     | Found a frozen archway.
 35966 | D:15     | Entered Level 15 of the Dungeon
 35966 | D:15     | Noticed Agnes
 35969 | D:15     | Killed Agnes
 36638 | D:15     | Found a staircase to the Depths.
 36638 | D:15     | Noticed a frost giant
 36641 | D:15     | Killed a frost giant
 36654 | D:15     | Reached skill level 1 in Shields
 37034 | Orc:1    | Entered Level 1 of the Orcish Mines
 37137 | Orc:1    | Reached ****** piety under Dithmenos
 37254 | Orc:2    | Entered Level 2 of the Orcish Mines
 37254 | Orc:2    | Found a staircase to the Elven Halls.
 37397 | Orc:2    | Found Ikaan's General Store.
 37776 | Orc:2    | Found Atzu's Magic Scroll Shoppe.
 38531 | Orc:2    | Bought a potion of cancellation for 120 gold pieces
 38531 | Orc:2    | Bought a wand of mindburst (12) for 252 gold pieces
 38531 | Orc:2    | Bought 2 potions of curing for 90 gold pieces
 38531 | Orc:2    | Bought a scroll of teleportation for 45 gold pieces
 38533 | Orc:2    | Bought 2 scrolls of enchant armour for 210 gold pieces
 39486 | Orc:2    | Reached skill level 15 in Dodging
 39515 | Orc:2    | Reached XP level 15. HP: 74/87 MP: 29/29
 40385 | Orc:2    | Reached skill level 10 in Spellcasting
 40411 | Orc:2    | Found Otiddoh's Antique Armour Shop.
 40411 | Orc:2    | Found Fowkyuca's Book Boutique.
 40411 | Orc:2    | Found a one-way gate leading to the halls of Pandemonium.
 41875 | D:10     | Killed Nezi's ghost
 42883 | Lair:4   | Killed gowby's ghost
 44227 | Lair:5   | Identified the +7 broad axe "Qolafem" {vorpal, rElec Int-3
                  | Dex+5}
 44231 | Lair:5   | Identified the +9 hand axe "Haniezot" {flame, rElec rC+
                  | rN++}
 44853 | Snake:1  | Entered Level 1 of the Snake Pit
 45698 | Snake:1  | Noticed Aizul
 45737 | Snake:1  | Killed Aizul
 46070 | Snake:1  | Reached skill level 10 in Invocations
 46337 | Snake:2  | Found a bloodstained altar of Trog.
 46382 | Snake:2  | Found Doda Vargh's General Store.
 46386 | Snake:2  | Found Sope Xyj's Specific Store.
 46397 | Snake:2  | Bought a wand of quicksilver (5) for 336 gold pieces
 46397 | Snake:2  | Bought a scroll of blinking for 120 gold pieces
 46397 | Snake:2  | Bought a wand of iceblast (3) for 115 gold pieces
 46907 | Snake:2  | Noticed Azrael
 46977 | Snake:2  | Killed Azrael
 47922 | Snake:2  | Reached XP level 16. HP: 80/92 MP: 32/32
 48579 | Snake:2  | Bought a tin of tremorstones (2/2) for 640 gold pieces
 48579 | Snake:2  | Bought a book of Changes for 288 gold pieces
 48581 | Snake:2  | Learned a level 1 spell: Beastly Appendage
 48584 | Snake:2  | Learned a level 2 spell: Wereblood
 49180 | Snake:3  | Reached skill level 15 in Stealth
 49186 | Snake:3  | Reached skill level 1 in Transmutations
 49401 | Snake:3  | Reached skill level 5 in Transmutations
 50127 | Snake:4  | Entered Level 4 of the Snake Pit
 50985 | Snake:4  | Reached skill level 10 in Transmutations
 51862 | Snake:4  | Learned a level 3 spell: Lesser Beckoning
 52089 | Snake:4  | Reached skill level 1 in Translocations
 52382 | Snake:4  | Reached XP level 17. HP: 92/96 MP: 34/34
 52632 | Snake:4  | Reached skill level 5 in Translocations
 52789 | Snake:4  | Got a serpentine rune of Zot
 53317 | Snake:4  | Learned a level 4 spell: Passage of Golubria
 53449 | Swamp:1  | Entered Level 1 of the Swamp
 53658 | Swamp:1  | Found a runed translucent gate.
 53662 | Swamp:1  | Found a runed translucent gate.
 53663 | Swamp:1  | Found a runed translucent gate.
 53669 | Swamp:1  | Noticed drugrobin's ghost (journeyman DgFi)
 53669 | Swamp:1  | Noticed SensoryNuts's ghost (journeyman DgFi)
 55674 | Swamp:1  | Killed SensoryNuts's ghost
 55768 | Swamp:1  | Killed drugrobin's ghost
 56092 | Swamp:1  | Reached XP level 18. HP: 101/101 MP: 37/37
 57637 | Swamp:2  | Reached skill level 10 in Translocations
 58779 | Orc:2    | Learned a level 5 spell: Alistair's Intoxication
 59939 | Swamp:3  | Found Assygot's Island Escapes.
 60303 | Swamp:3  | Bought a scroll of blinking for 135 gold pieces
 60303 | Swamp:3  | Bought a potion of invisibility for 144 gold pieces
 60303 | Swamp:3  | Bought a scroll of teleportation for 54 gold pieces
 60440 | Swamp:3  | Reached skill level 1 in Poison Magic
 61137 | Swamp:4  | Entered Level 4 of the Swamp
 63185 | Swamp:4  | Identified the ring "Nouwoj" {Ice +Blink rCorr}
 63186 | Swamp:4  | Reached XP level 19. HP: 90/105 MP: 38/38
 64667 | Swamp:4  | Reached skill level 5 in Poison Magic
 65982 | Swamp:4  | Got a decaying rune of Zot
 66342 | Swamp:4  | Learned a level 3 spell: Vampiric Draining
 66568 | Elf:1    | Entered Level 1 of the Elven Halls
 66571 | Elf:1    | Upgraded the game from 0.30-a0-4-ga7cffc901d to
                  | 0.30-a0-6-g7c9e10e132
 66601 | Elf:1    | Reached skill level 1 in Necromancy
 66982 | Elf:1    | Noticed Jorgrun
 66989 | Elf:1    | Killed Jorgrun
 67026 | Elf:1    | Noticed Asterion
 67031 | Elf:1    | Killed Asterion
 67102 | Elf:1    | Found Bofugeh's Antique Weapon Emporium.
 67110 | Elf:1    | Bought a club for 31 gold pieces
 67110 | Elf:1    | Bought a glowing sling for 139 gold pieces
 67651 | Elf:1    | Found a portal to a secret trove of treasure.
 67721 | Elf:1    | Reached skill level 5 in Necromancy
 68343 | Elf:2    | Found Agexa's Jewellery Shop.
 68604 | Elf:2    | Learned a level 4 spell: Dispel Undead
 69255 | Elf:2    | Found a runed translucent gate.
 69255 | Elf:2    | Found a runed translucent gate.
 69256 | Elf:2    | Found a runed translucent gate.
 69609 | Elf:3    | Entered Level 3 of the Elven Halls
 69797 | Elf:3    | Reached XP level 20. HP: 110/110 MP: 39/39
 69881 | Elf:3    | Reached skill level 10 in Necromancy
 70223 | Elf:3    | Identified the +2 flail "Jeclidgh" {freeze, rElec rCorr
                  | Dex+2}
 70420 | Elf:3    | Found a shimmering blue altar of Sif Muna.
 70429 | Elf:3    | Found Relu's Distillery.
 70899 | Elf:3    | Paralysed by an air elemental for 1 turns
 70914 | Elf:3    | Paralysed by an air elemental for 1 turns
 70919 | Elf:3    | Paralysed by an air elemental for 1 turns
 71100 | Elf:3    | Identified the ring "Ykkaekue" {Fire rPois Int+2 Dex+3
                  | Slay+5}
 72116 | Elf:3    | Identified the +10 hand axe of Minoid {antimagic, Str+3}
 72286 | Elf:3    | Identified the +2 spear of Karma {drain, Dex+5}
 74069 | Elf:3    | Identified the +4 morningstar of the Firefly {venom, Drain
                  | rC++ Dex+7}
 74076 | Elf:3    | Reached skill level 1 in Ranged Weapons
 74506 | Elf:3    | Got the Directory of Shapes
 74520 | Elf:3    | Identified the +7 shortbow of Tanoqej {freeze, rElec Will-
                  | rCorr Int+7}
 74521 | Elf:3    | Identified the +12 arbalest of Pojioge {speed, *Corrode rN+
                  | MP+9 Str+6}
 74585 | Elf:3    | Learned a level 2 spell: Blink
 74662 | Elf:2    | Bought the amulet "Vatynk" {Reflect Fragile rF++ Int-2
                  | Dex+9 SH+5} for 890 gold pieces
 75141 | Vaults:1 | Entered Level 1 of the Vaults
 75741 | Vaults:1 | Reached skill level 5 in Ranged Weapons
 75987 | Vaults:1 | Noticed Donald
 76009 | Vaults:1 | Killed Donald
 76387 | Vaults:1 | Found a transporter.
 76404 | Vaults:1 | Found a transporter.
 76425 | Vaults:1 | Found a one-way gate to the infinite horrors of the Abyss.
 76425 | Vaults:1 | Noticed HilariousDeathArtist's ghost (adept CeWn)
 76574 | Vaults:1 | Demolished by a vault warden

Illustrated notes

Levels and vault maps discovered:
D:1:      lightli_iron_boxes, layout_loops_ring
D:2:      layout_basic, uniq_sigmund
D:3:      layout_basic, serial_bayou, serial_bayou_pond_b, serial_bayou_pond_d,
          serial_bayou_shore_a, serial_bayou_shore_b
D:4:      layout_basic, nicolae_hepliaklqana_hippocampus,
          mainiacjoe_overflow_concentric_impassable, serial_curves,
          eino_curves_02, eino_curves_03, uniq_pikel, uniq_blork_the_orc
D:5:      layout_cave_pools, serial_shops, kennysheep_mini, st_stairs_14
D:6:      kennysheep_big_flooded_room, layout_basic, mainiacjoe_overflow_paths,
          minmay_temple_entry_tees, minivault_14, uniq_edmund
D:7:      layout_cave_pools, serial_column_ruins, column_ruins_hut,
          column_ruins_open_medium, column_ruins_open_medium,
          column_ruins_grid_1, column_ruins_grid_2, uniq_maggie
D:8:      layout_layer_cave, kennysheep_little_box,
          nicolae_overflow_two_pavilions, uniq_erica
D:9:      layout_basic, serial_ice, serial_ice_a, serial_ice_o, serial_ice_i,
          serial_ice_n, serial_ice_m, serial_ice_e, serial_ice_f, serial_ice_b,
          minmay_fire_ice_demons
D:10:     layout_roguey, mainiacjoe_overflow_alcove_1, lair_entry_dummy,
          enter_bailey_3
D:11:     layout_loops_ring, gammafunk_ghost_nasty_kobolds, uniq_fannar
D:12:     layout_loops_ring, erik_orc_4, serial_rivers,
          chequers_serial_rivers_small_a, chequers_serial_rivers_room_a,
          chequers_serial_rivers_small_b, chequers_serial_rivers_small_b
D:13:     layout_rooms, gammafunk_ghost_cemetery
D:14:     layout_irregular_city, david_vaults_2, dreamdust_wishing_well,
          portal_ice_cave_entry_frozen_things
D:15:     grunt_enter_depths_snipers, layout_cave_pools, uniq_agnes
Temple:   nicolae_temple_no_exploring_needed
Lair:1:   layout_misc_corridors, basic_altar, minivault_25, hibernation_bobbens,
          lemuel_fruit_fields, infiniplex_staircase_pool_2, grunt_megastairs_2
Lair:2:   layout_cave_pods, nicolae_swamp_entry_splash_gauntlet,
          ebering_ghost_disaster_area, beast_lair_carwin_2, uniq_nergalle
Lair:3:   layout_chaotic_city, minmay_snake_entry_spellcaster,
          gauntlet_entry_generic, uniq_sonja
Lair:4:   layout_regular_city, gammafunk_ghost_hydra_chop, serial_bayou_shore_b,
          uniq_rupert
Lair:5:   grunt_lair_end_beastmaster, layout_misc_corridors,
          dpeg_slime_entry_enclosed, grunt_megastairs_4
Swamp:1:  layout_basic_swamp, gammafunk_ghost_cemetery,
          evilmike_swamp_ruin_rubble_2
Swamp:2:  layout_basic_swamp, nicolae_swamp_fairy_circle
Swamp:3:  layout_basic_swamp, nicolae_swamp_triple_paths,
          nicolae_swamp_round_clearing, nicolae_island_escapes
Swamp:4:  swamp_basic_johnstein, layout_basic_swamp
Snake:1:  layout_onion_interference, uniq_aizul
Snake:2:  kennysheep_six_static_rooms, layout_honeycomb, basic_altar,
          nicolae_specific_store, grunt_megastairs_5, uniq_azrael
Snake:3:  layout_misc_corridors, grunt_ministairs_1
Snake:4:  grunt_snake_rune_serpentine_throne, layout_gridlike,
          nicolae_snake_biting_tails
Orc:1:    layout_diamond_mine, serial_shops, nicolae_shop_hallway_plus,
          nicolae_orc_lava_room
Orc:2:    pf_orc_diabolical, layout_diamond_mine
Elf:1:    nicolae_elf_arrival_no_cutting_in_line, layout_gridlike, serial_shops,
          shop_statue, enter_trove_0, hangedman_elven_crosses_minicolossus,
          uniq_asterion, uniq_jorgrun
Elf:2:    nicolae_elf_blades_splatter_lattice
          [nicolae_blade_entry_area_security], layout_geoelf_diagonals,
          serial_shops, shop
Elf:3:    minmay_elf_hall_spiked, layout_rooms, serial_shops,
          nicolae_shop_trees, basic_altar, minmay_misc_feat_five
Vaults:1: gammafunk_ghost_abyssal_escape, v_misc_18, grunt_vaults_hallway_short,
          nicolae_vaults_diagonal_hallway_6, nicolae_vaults_network_square,
          vaults_dpeg_encased_lava, hangedman_vaults_locks,
          nicolae_vaults_windows_and_doors_thing, v_misc_19,
          ontoclasm_vaults_eye, grunt_vaults_bifocal, layout_vaults_big_room,
          uniq_donald

Skill      XL: |  1  2  3  4  5  6  7  8  9 10 11 12 13 14 15 16 17 18 19 20 |
---------------+-------------------------------------------------------------+-----
Stealth        | 6 7 9 10 11 13 15 | 15.0
Dodging        | 2 4 6 8 10 15 | 15.0
Fighting       | 2 6 13 | 13.7
Short Blades   | 3 4 5 6 7 9 12 14 | 14.0
Invocations    | 4 5 8 11 12 13 14 | 14.2
Evocations     | 9 12 13 | 13.7
Spellcasting   | 6 9 11 12 14 | 14.6
Shields        | 2 4 |  4.0
Transmutations | 12 | 12.0
Translocations | 3 9 10 12 | 12.7
Poison Magic   | 4 8 |  8.0
Necromancy     | 9 12 | 12.0
Ranged Weapons | 6 |  6.1
Throwing       | |  2.4

Action                   |  1- 3 |  4- 6 |  7- 9 | 10-12 | 13-15 | 16-18 | 19-21 || total
-------------------------+-------+-------+-------+-------+-------+-------+-------++-------
Melee: Dagger            |   121 |   120 |   154 |   725 |  1178 |       |     3 ||  2301
       Punch             |     1 |     1 |     3 |    12 |    11 |       |     3 ||    31
       Rapier            |       |       |       |       |   247 |  1154 |   879 ||  2280
       Hand axe          |       |       |       |       |    18 |       |       ||    18
       Scimitar          |       |       |       |       |       |     4 |       ||     4
       Kick              |       |       |       |       |       |       |    49 ||    49
       Headbutt          |       |       |       |       |       |       |    23 ||    23
 Fire: Arbalest          |       |       |       |       |       |       |     4 ||     4
       Shortbow          |       |       |       |       |       |       |     2 ||     2
Throw: Dart              |    12 |    16 |     6 |     6 |     2 |     4 |    16 ||    62
       Throwing net      |       |       |       |     2 |       |     1 |     1 ||     4
       Boomerang         |       |       |       |       |       |     1 |       ||     1
 Cast: Lesser Beckoning  |       |       |       |       |       |     7 |       ||     7
       Wereblood         |       |       |       |       |       |     1 |     5 ||     6
       Passage of Golubr |       |       |       |       |       |     6 |     2 ||     8
       Beastly Appendage |       |       |       |       |       |       |     4 ||     4
       Vampiric Draining |       |       |       |       |       |       |     5 ||     5
       Alistair's Intoxi |       |       |       |       |       |       |     1 ||     1
Evoke: Wand              |       |       |     1 |    18 |    32 |    21 |    36 ||   108
       Lightning rod     |       |       |       |       |    18 |     8 |       ||    26
       Tin of tremorston |       |       |       |       |       |     4 |     3 ||     7
  Use: Scroll            |       |    12 |     8 |    12 |    11 |     9 |     5 ||    57
       Potion            |       |       |     1 |     7 |       |     7 |     6 ||    21
 Stab: Sleeping          |    15 |    11 |    22 |    19 |    63 |    45 |    65 ||   240
       Distracted        |       |     3 |     6 |    29 |    57 |    16 |     8 ||   119
       Held in net/web   |       |       |       |     2 |       |       |     1 ||     3
       Invisible         |       |       |       |     2 |       |       |       ||     2
Armor: Robe              |     8 |     5 |       |       |       |       |       ||    13
       Steam dragon scal |       |       |     2 |    23 |    61 |    92 |    55 ||   233
Dodge: Dodged            |    75 |    67 |    91 |   471 |   710 |   873 |   499 ||  2786
       Repelled          |       |       |     3 |     9 |     4 |    33 |     7 ||    56
Block: Other             |       |     7 |    17 |    94 |    75 |       |    24 ||   217
       Reflection        |       |       |     1 |     4 |     5 |     7 |    23 ||    40
       Buckler           |       |       |       |       |   270 |   435 |   223 ||   928

Table legend: (Time is in decaauts)
 A = Elapsed time spent in this place.
 B = Non-inter-level travel time spent in this place.
 C = Inter-level travel time spent in this place.
 D = Time resting spent in this place.
 E = Time spent auto-exploring this place.
 F = Levels seen in this place.
 G = Mean time per level.
                   A        B        C        D        E       F      G
               +--------+--------+--------+--------+--------+-----+--------+
         Total |  63441 |  61636 |   1805 |  37404 |  11250 |  37 | 1714.6 |
       Dungeon |  21913 |  21169 |    744 |  12307 |   5202 |  15 | 1460.9 |
        Temple |    104 |    104 |      0 |    103 |      0 |   1 |  104.0 |
          Lair |   9686 |   9367 |    319 |   5309 |   1497 |   5 | 1937.2 |
         Swamp |  11367 |  11138 |    229 |   7798 |   1252 |   4 | 2841.8 |
     Snake Pit |   6848 |   6737 |    111 |   3479 |   1720 |   4 | 1712.0 |
  Orcish Mines |   4108 |   3952 |    156 |   2638 |    613 |   2 | 2054.0 |
   Elven Halls |   7029 |   6788 |    241 |   4382 |    604 |   3 | 2343.0 |
        Vaults |   1151 |   1151 |      0 |    507 |    359 |   1 | 1151.0 |
        Bailey |    889 |    889 |      0 |    752 |      0 |   1 |  889.0 |
      Gauntlet |    342 |    342 |      0 |    125 |      0 |   1 |  342.0 |
               +--------+--------+--------+--------+--------+-----+--------+

Top non-repeatable levels by time:
 Swamp:3: 4676 daAuts
 Swamp:1: 3484 daAuts
   Elf:3: 3416 daAuts
   Orc:2: 3225 daAuts
     D:9: 3087 daAuts
  Lair:4: 2746 daAuts
  Lair:5: 2685 daAuts
   Elf:2: 2571 daAuts
     D:1: 2505 daAuts
 Snake:4: 2483 daAuts
 Swamp:4: 2133 daAuts
 Snake:1: 2044 daAuts
     D:8: 1802 daAuts
    D:11: 1675 daAuts
  Lair:3: 1616 daAuts
